[Event "*** Titled Tuesday Blitz"]
[Site "Chess.com"]
[Date "2020.05.19"]
[Round "8"]
[White "carvillshill"]
[Black "Raja3401"]
[Result "0-1"]
[WhiteElo "2569"]
[BlackElo "2740"]
[TimeControl "180+1"]
[EndTime "13:38:12 PDT"]
[Termination "Raja3401 won on time"]

1. d4 Nf6 2. Bg5 e6 3. e4 h6 4.
Bxf6 Qxf6 5. c3 g5 6. Nd2 d6 7.
Bd3 Bg7 8. Ne2 b6 9. O-O Bb7 10. f4 Nd7 11. e5 Qe7 12. Be4 d5 13. Bd3 O-O-O 14. f5 Nxe5 15. dxe5 Bxe5 16. fxe6 fxe6 17. Nd4 Rhf8 18. Qe2 Qd6 19. N2f3 Bxd4+ 20. cxd4 c5 21. Qe5 Qxe5 22. Nxe5 Kc7 23. Rac1 Rxf1+ 24. Bxf1 Rf8 25. b4 c4 26. b5 a6 27. a4 axb5 28. axb5 Ra8 29. Be2 Ra2 30. Bd3 Rb2 31. Bc2 Rxb5 32. Kf2 Rb2 33. Ke3 b5 34. h4 b4 35. hxg5 hxg5 36.
g4 Kd6 37. Ba4 Ba6 38. Nf7+ Ke7 39. Ne5 c3 40. Bd1 Kd6 41. Nf7+ Ke7 42. Ne5 Bc4 43. Ng6+ Kd6 44. Ne5 Rh2 45. Ra1 Rh3+ 46. Kf2 Rh7 47. Ra8 b3 48. Bxb3 Bxb3 49. Rc8 Bc4 50. Nxc4+ dxc4 51. Rxc4 Kd5 52. Rxc3 Kxd4 53. Rc8 Rh2+ 54. Kf3 Rh3+ 55.
Kf2 Rh4 56. Kf3 Rh3+ 57. Kf2 Ra3 58. Rg8 Ra5 59. Kf3 e5 60. Rd8+ Rd5 61. Rg8 Kd3 62. Kf2 e4 63. Re8 Rd6 64. Re7 Rf6+ 65. Kg3 e3 66.
Rd7+ Ke2 67. Re7 Kd2 68. Rd7+ Ke1 69. Rd5 e2 70. Rxg5 Re6 71. Rd5 Kf1 72. Rh5 e1=Q+ 0-1

[Event "*** Titled Tuesday Blitz"]
[Site "Chess.com"]
[Date "2020.05.19"]
[Round "8"]
[White "PlayChessSimple"]
[Black "XDPS"]
[Result "1-0"]
[WhiteElo "2504"]
[BlackElo "2661"]
[TimeControl "180+1"]
[EndTime "13:38:12 PDT"]
[Termination "PlayChessSimple won on time"]

1. e4 c5 2. Nf3 d6 3. d4 cxd4 4. Nxd4 Nf6 5. Nc3 a6 6. g3 g6 7.
Bg2 Bg7 8. O-O O-O 9. h3 Nc6 10.
Nde2 Bd7 11. b3 Rc8 12. Bb2 Qa5 13. a4 Rfe8 14. Rb1 Nb4 15. Qd2 Nc6 16. Rfd1 h5 17.
Nd5 Qxd2 18. Rxd2 Nxd5 19. Bxg7 Ne3 20. Bb2 Nxg2 21. Kxg2 Nb4 22. c4 Nc6 23. Nf4 Be6 24. Nd5 Bxd5 25. exd5 Nb8 26. Re2 Nd7 27. Rbe1 Kf8 28.
g4 b5 29. cxb5 axb5 30. a5 b4 31. gxh5 gxh5 32. Re4 Rc5 33. a6 Rxd5 34. Rxb4 Ra5 35. Rb7 Nc5 36. b4 Nxb7 37. bxa5 Nxa5 38. Ra1 Nc6 39.
Rc1 Na7 40. Bd4 Ra8 41. Be3 Nb5 42. a7 d5 43. Rb1 Nxa7 44. Ra1 Kg7 45. Bd4+ f6 46.
Rxa7 Re8 47. Kf3 Kf7 48. Bc5 Ke6 49. Kf4 Kf7 50. f3 Ke6 51. h4 d4 52. Bxd4 Kd5 53.
Bc3 e5+ 54. Kf5 Kc4 55. Ba5 e4 56. fxe4 Kd3 57. Kxf6 Kxe4 58. Re7+ Rxe7 59. Kxe7 Kf4 60.
Be1 Kf5 61. Kf7 Kg4 62. Kg6 Kf4 63. Kxh5 Kf5 64. Kh6 Kf6 65. h5 Kf7 66. Kh7 Kf8 67. h6 Kf7 68. Bd2 Kf8 69. Bc1 Kf7 70. Bb2 Kf8 71. Kg6 Kg8 72. h7+ 1-0

[Event "*** Titled Tuesday Blitz"]
[Site "Chess.com"]
[Date "2020.05.19"]
[Round "8"]
[White "lamomiablanca"]
[Black "ErikRonka"]
[Result "1-0"]
[WhiteElo "2200"]
[BlackElo "2362"]
[TimeControl "180+1"]
[EndTime "13:38:12 PDT"]
[Termination "lamomiablanca won by checkmate"]

1. e4 g6 2. d4 Bg7 3. h4 h6 4. h5 g5 5. Nc3 d6 6. f4 gxf4 7. Bxf4 Nc6 8. Nf3 Bg4 9. d5 Ne5 10. Be2 Bxf3 11. gxf3 e6 12. Qd2 Bf6 13. O-O-O Bg5 14.
Kb1 Bxf4 15. Qxf4 Qg5 16. Qh2 Qe7 17. f4 Nd7 18. Nb5 Nc5 19. e5 a6 20. exd6 cxd6 21.
Nd4 Nf6 22. dxe6 fxe6 23. Bc4 O-O-O 24. Rhe1 d5 25. Bd3 Qd6 26. Qh3 Rde8 27. Bg6 Re7 28.
Qc3 Kb8 29. Nb3 Ncd7 30. Nd4 Rc8 31. Qe3 Nf8 32. Nf5 Qc7 33. Nxe7 Qxe7 34. Qe5+ Ka8 35. f5 N6d7 36. Qxd5 Rc5 37. Qd6 Qf6 38. fxe6 Rb5 39. b3 Rb6 40. Qd4 Rxe6 41. Qxf6 Rxf6 42. Re8+ Ka7 43.
Rd8 Ne5 44. R8d6 Rf2 45. Re6 Ng4 46. Ree1 Nf6 47. Bd3 N8d7 48. Rf1 Rh2 49. Rf5 Rh4 50. Rdf1 Ng4 51. Rf7 Ne3 52. Rxd7 Nxf1 53. Bxf1 Rh1 54.
Rd1 Rxh5 55. Kb2 Rg5 56. Bd3 h5 57. Rh1 h4 58. Rxh4 Rg2 59. Rc4 a5 60. Be4 b5 61.
Rc7+ Kb6 62. Rb7+ Kc5 63. Bxg2 Kb4 64. a3+ Kc5 65. b4+ axb4 66. axb4+ Kxb4 67. Bf1 Ka5 68. Rxb5+ Ka4 69. Rb3 Ka5 70. Bg2 Ka4 71. c4 Ka5 72. c5 Ka4 73. c6 Ka5 74. c7 Ka4 75. c8=Q Ka5 76. Qa8# 1-0

[Event "*** Titled Tuesday Blitz"]
[Site "Chess.com"]
[Date "2020.05.19"]
[Round "8"]
[White "SchmakAttack"]
[Black "Meri-Arabidze"]
[Result "1-0"]
[WhiteElo "2466"]
[BlackElo "2601"]
[TimeControl "180+1"]
[EndTime "13:38:15 PDT"]
[Termination "SchmakAttack won by resignation"]

1. e4 e5 2. Nf3 Nc6 3. Bb5 a6 4. Ba4 Nf6 5. O-O Be7 6. Re1 b5 7. Bb3 d6 8. c3 O-O 9. h3 Na5 10. Bc2 c5 11. d4 cxd4 12. cxd4 Qc7 13. Nbd2 Bb7 14. Nf1 Rac8 15. Bd3 Nc4 16. b3 Nb6 17. Bb2 Nfd7 18. Ng3 g6 19. Qd2 Bf6 20.
Rad1 Rfe8 21. d5 Nc5 22. Bb1 Bg7 23. Nh2 h5 24. Rf1 Qe7 25. f4 exf4 26. Bxg7 Kxg7 27. Rxf4 Nbd7 28. Rdf1 Ne5 29. Nf3 Ncd7 30. Nd4 Rh8 31. Ngf5+ gxf5 32. Nxf5+ Kf8 33. Nxe7 Kxe7 34. Qf2 Rh7 35.
Rf5 Rg8 36. Qh4+ Ke8 37. Rxh5 Rhg7 38. Rh8 Rxg2+ 39. Kh1 b4 40. Rxg8+ Rxg8 41. Qe1 a5 42. Rg1 Rh8 43. Qe3 Ba6 44. Bc2 Ng6 45. Rg3 Bc8 46.
Qa7 Ke7 47. Bd3 Ne5 48. Bb5 Rh4 49. Qc7 Rh8 50. Qxa5 Rh4 51. Qc7 Rh8 52. Kh2 Ng6 53. Bxd7 Bxd7 54. Rf3 Ne5 55. Rg3 Ra8 56. Rg2 Rh8 57.
Qb7 Rxh3+ 58. Kg1 Nf3+ 59. Kf2 Ne5 60. Ke2 Rh1 61. Qxb4 Ra1 62. a4 Bg4+ 63. Rxg4 Nxg4 64. a5 Ne5 65. Qb7+ Kf6 66. a6 Ra2+ 67. Kd1 Nd3 68.
b4 Rb2 69. b5 Nf2+ 70. Ke1 Nd3+ 71. Kf1 Ne5 72. a7 Nf3 73. a8=Q Nh2+ 74. Ke1 Nf3+ 75. Kd1 Rd2+ 76. Kc1 1-0

[Event "*** Titled Tuesday Blitz"]
[Site "Chess.com"]
[Date "2020.05.19"]
[Round "8"]
[White "Kildepiotr"]
[Black "pastouche06"]
[Result "1/2-1/2"]
[WhiteElo "2572"]
[BlackElo "2461"]
[TimeControl "180+1"]
[EndTime "13:38:19 PDT"]
[Termination "Game drawn by repetition"]

1. Nf3 d5 2. g3 Nf6 3. Bg2 c5 4. O-O Nc6 5. d3 g6 6. Nbd2 Bg7 7. e4 e6 8. c3 O-O 9. Qe2 b6 10. Rd1 a5 11. Nf1 Ba6 12. e5 Nd7 13. Bf4 f6 14.
exf6 Qxf6 15. Re1 Rae8 16. Bg5 Qf7 17. Qd2 e5 18. h4 h6 19. Bxh6 Bxh6 20. Qxh6 Bxd3 21.
Rad1 e4 22. Ng5 Qg7 23. Qxg7+ Kxg7 24. Bh3 Nde5 25. Nh2 Rf6 26. Ng4 Nxg4 27. Bxg4 Ne5 28. Be2 Bxe2 29. Rxe2 Rd6 30. Nxe4 Nf3+ 31. Kg2 Rde6 32.
Kxf3 dxe4+ 33. Kg2 Rf8 34. Rd5 Rf3 35. Rxe4 Rxg3+ 36. fxg3 Rxe4 37. Kf3 Re6 38. a4 Kf6 39. g4 Kf7 40. h5 gxh5 41. Rxh5 Kg6 42. Rd5 Kf6 43. Kf4 Kg6 44. Re5 Rf6+ 45. Ke4 Kg7 46. Kd5 Rf2 47.
Kc6 Rxb2 48. Re7+ Kf6 49. Rb7 Rb3 50. Rxb6 Rxc3 51. Kb5+ Ke5 52. Kxa5 Kd4 53. g5 Rg3 54. g6 c4 55. Kb5 c3 56. Rd6+ Ke3 57. Rc6 Kd2 58.
a5 c2 59. a6 Rxg6 60. Rxg6 c1=Q 61. Rd6+ Ke3 62. a7 Qa3 63. Ra6 Qd3+ 64. Kb6 Qd6+ 65.
Kb7 Qd7+ 66. Kb8 Qd8+ 67. Kb7 Qd7+ 68. Kb6 Qd6+ 69. Kb7 Qd7+ 1/2-1/2

[Event "*** Titled Tuesday Blitz"]
[Site "Chess.com"]
[Date "2020.05.19"]
[Round "8"]
[White "Ranindu2003"]
[Black "garicradomir"]
[Result "1-0"]
[WhiteElo "2456"]
[BlackElo "2294"]
[TimeControl "180+1"]
[EndTime "13:38:21 PDT"]
[Termination "Ranindu2003 won on time"]

1. e4 c5 2. Nf3 Nc6 3. Bb5 g6 4.
Bxc6 bxc6 5. O-O Bg7 6. Re1 Qc7 7. c3 d6 8. h3 Nf6 9. d4 cxd4 10. cxd4 O-O 11. Nc3 Bd7 12. Bf4 Qb7 13. Rb1 c5 14. d5 Rab8 15. e5 Nh5 16. Bh2 Bf5 17. Rc1 Bh6 18. g4 Bxc1 19. Qxc1 Qxb2 20. gxf5 Qxc1 21. Rxc1 Rb6 22. f6 dxe5 23. fxe7 Re8 24. Bxe5 Rxe7 25. d6 Rxe5 26. Nxe5 Rxd6 27. Rd1 Re6 28. Ng4 Nf4 29. Kh2 Ne2 30. Nd5 h5 31. Nge3 Ra6 32. Rd2 Nd4 33.
Kg2 Kg7 34. Nc4 Ra4 35. Nde3 f5 36. f4 Ne6 37. Kf3 Nd4+ 38. Kg3 Rb4 39. Rb2 Ra4 40. Rb7+ Kh6 41. a3 Ne2+ 42. Kf3 Nd4+ 43. Kf2 Ne6 44. Kg3 h4+ 45. Kxh4 Nxf4 46. Kg3 Nh5+ 47.
Kf3 f4 48. Ng4+ Kg5 49. Nce5 Rxa3+ 50. Ke4 Rxh3 51. Rxa7 Ng3+ 52. Kd5 Nf5 53. Ra6 f3 54. Rxg6+ Kf4 55. Rf6 Kg5 56. Rg6+ Kf4 57. Rf6 Kg5 58. Ke6 Nd4+ 59. Kf7 Rh7+ 60. Kg8 Rh4 61. Rg6+ Kf5 62. Rf6+ Kg5 63. Kg7 Rxg4 64. Rg6+ Kf4 65. Nxg4 Nf5+ 66. Kf6 Nh4 67. Rg8 Nf5 68. Nf2 1-0

[Event "*** Titled Tuesday Blitz"]
[Site "Chess.com"]
[Date "2020.05.19"]
[Round "8"]
[White "ketster"]
[Black "IMRosen"]
[Result "1-0"]
[WhiteElo "2397"]
[BlackElo "2588"]
[TimeControl "180+1"]
[EndTime "13:38:22 PDT"]
[Termination "ketster won on time"]

1. d4 d5 2. c4 e6 3. Nc3 Nf6 4. cxd5 exd5 5. Bg5 c6 6. e3 Bd6 7. Qc2 O-O 8. Bd3 h6 9. Bh4 Re8 10. Nge2 a5 11. Bg3 Na6 12. a3 Nc7 13. O-O Ne6 14. f3 Bxg3 15. Nxg3 c5 16. Bb5 Bd7 17. Bxd7 Qxd7 18.
dxc5 Nxc5 19. Qf2 Re6 20. Rad1 Rae8 21. Rfe1 d4 22. e4 Nb3 23. Nf5 Rd8 24. Qg3 Ne8 25. Nd5 b5 26. Nf4 Rf6 27. Nh5 Rg6 28. Qf2 d3 29. Nf4 d2 30. Re3 a4 31. Nxg6 fxg6 32. Ng3 Nc7 33. Nf1 Ne6 34. Re2 Nf4 35. Rexd2 Nxd2 36. Rxd2 Qe7 37. Rxd8+ Qxd8 38. Qd2 Qg5 39.
Kh1 Qf6 40. Ne3 Kh7 41. Nd5 Nxd5 42. exd5 Qd6 43. h3 Kg8 44. Qd4 Kf7 45. Qe4 Kf6 46. Qd4+ Qe5 47. Qd2 Ke7 48. Qc2 Qd6 49. Qd3 Qc5 50. Qxg6 Qc1+ 51. Kh2 Qxb2 52. Qe4+ Kd6 53. Qe6+ Kc5 54. d6 Qd4 55. d7 Qf4+ 56. Kh1 Qc1+ 57. Kh2 Qf4+ 58. Kg1 Qc1+ 59. Kf2 Qd2+ 60. Kg3 Qg5+ 61.
Qg4 Qe5+ 62. Kf2 Qb2+ 63. Kg1 Qc1+ 64. Kh2 Qd2 65. Qf5+ Kc6 66. Qe6+ Kc7 67. Qe5+ Kc6 68. Qe6+ Kc7 69. Qe5+ Kxd7 70. Qxb5+ Ke6 71. Qb6+ Kf7 72. Qa7+ 1-0

[Event "*** Titled Tuesday Blitz"]
[Site "Chess.com"]
[Date "2020.05.19"]
[Round "8"]
[White "robertofabregas"]
[Black "Akhayan"]
[Result "0-1"]
[WhiteElo "2107"]
[BlackElo "2293"]
[TimeControl "180+1"]
[EndTime "13:38:22 PDT"]
[Termination "Akhayan won by checkmate"]

1. c4 e6 2. Nc3 Nf6 3. Nf3 d5 4. cxd5 exd5 5. d4 c6 6. g3 Bd6 7. Bg2 O-O 8. O-O Bf5 9. Re1 Re8 10. Bg5 h6 11. Nh4 Bh7 12. Bd2 Nbd7 13. Qc1 Bf8 14.
e3 Ne4 15. Nxe4 dxe4 16. Bh1 g5 17. Ng2 Qf6 18. h4 Nb6 19. Bc3 Nd5 20. Qd1 Qf3 21.
hxg5 Qxd1 22. Rexd1 hxg5 23. Ne1 b5 24. Rac1 Rac8 25.
a3 Nxc3 26. Rxc3 Bf5 27. Rdc1 Bd7 28. f3 exf3 29. Nxf3 f6 30. Nd2 b4 31. R3c2 bxa3 32.
bxa3 Rxe3 33. Kf2 Rxa3 34. Bxc6 Bxc6 35. Rxc6 Rd8 36. Nf3 Ra2+ 37. R1c2 Rxc2+ 38. Rxc2 Bd6 39. g4 a5 40. Ra2 Bb4 41. Ke3 Kf7 42. Nd2 Bxd2+ 43. Rxd2 Ke6 44. Ke4 Ra8 45. Ra2 Kd6 46.
Ra4 Ke6 47. d5+ Kd6 48. Kd4 Ra7 49. Ke4 Ra8 50. Kd4 Ra6 51. Ke4 Kc5 52. Kf5 Kxd5 53.
Ra2 Kc4 54. Rc2+ Kb3 55. Rc8 a4 56. Re8 a3 57. Re3+ Ka2 58. Re2+ Kb1 59. Re1+ Kc2 60. Re2+ Kd3 61. Ra2 Kc3 62. Kg6 Kb3 63. Re2 a2 64.
Re3+ Kc4 65. Re4+ Kd5 66. Kf5 a1=Q 67. Re5+ Qxe5+ 68. Kg6 Qe8+ 69. Kf5 Ra5 70. Kxf6 Qe6+ 71. Kxg5 Ke4+ 72. Kh4 Qg6 73. Kg3 Qg5 74. Kf2 Ra3 75.
Kg1 Qe3+ 76. Kh1 Qf3+ 77. Kh2 Qg3+ 78. Kh1 Ra1# 0-1

[Event "*** Titled Tuesday Blitz"]
[Site "Chess.com"]
[Date "2020.05.19"]
[Round "8"]
[White "Robert_Chessmood"]
[Black "JustinWang1234"]
[Result "0-1"]
[WhiteElo "2872"]
[BlackElo "2602"]
[TimeControl "180+1"]
[EndTime "13:38:23 PDT"]
[Termination "JustinWang1234 won by checkmate"]

1. e4 e5 2. Nf3 Nc6 3. Bb5 a6 4. Ba4 Nf6 5. O-O Be7 6. Bxc6 dxc6 7. d3 Nd7 8. Be3 c5 9. Nc3 b6 10. Nd2 Bb7 11. Nc4 Bf6 12. a4 a5 13. Nd5 Bxd5 14.
exd5 O-O 15. Qf3 g6 16. Rae1 Bg7 17. d6 cxd6 18. Nxd6 Nf6 19. Qc6 Qd7 20. Qxb6 Rfb8 21.
Qxc5 Bf8 22. Qxe5 Qxd6 23. Bd4 Qxe5 24. Bxe5 Rb6 25. Re2 Nd7 26. Bd4 Rd6 27. Bc3 Bg7 28. Bxg7 Kxg7 29. g3 Nc5 30. b3 Ne6 31. Re4 Rc8 32. Rc4 Rxc4 33. bxc4 Rb6 34. Rd1 Nd4 35. c3 Ne2+ 36. Kf1 Nxc3 37. Rd2 Nxa4 38. Ra2 Rb4 39. Kg2 Kf6 40. Kf3 Ke6 41. Ke3 Kd6 42. h4 Kc6 43. h5 Kb6 44. h6 Nc5 45. d4 Nd7 46. Kd3 Rb3+ 47. Ke4 Rb4 48. Kd5 Nf6+ 49. Ke5 Ng4+ 50. Kf4 Nxh6 51. Rc2 Nf5 52. Ke5 a4 53. g4 Ne7 54. Kd6 Nc8+ 55. Kd7 Na7 56. d5 Kc5 57. Ke7 Rb7+ 58. Kf6 Nc8 59. Ra2 Ra7 60. g5 Nd6 61. Kg7 Kxc4 62. Kxh7 a3 63. f4 Kxd5 64. Kg7 Kc4 65. Kf6 Ne4+ 66. Ke5 Nc3 67. Ra1 a2 68. f5 Ra5+ 69. Kf6 Rxf5+ 70.
Kg7 Rxg5 71. Rf1 Rf5 72. Rg1 Rb5 73. Rg4+ Kb3 74. Rg1 Nb1 75. Rg3+ Kb4 76. Rg4+ Ka5 77. Re4 a1=Q+ 78. Kh7 Rh5+ 79. Kg8 Qh8+ 80. Kxf7 Rf5+ 81. Ke6 Qf6+ 82. Kd7 Rd5+ 83. Kc7 Qd6+ 84. Kc8 Rc5+ 85. Kb7 Qb6+ 86. Ka8 Rc8# 0-1

[Event "*** Titled Tuesday Blitz"]
[Site "Chess.com"]
[Date "2020.05.19"]
[Round "8"]
[White "lucliasco"]
[Black "rasmussvane"]
[Result "1-0"]
[WhiteElo "2679"]
[BlackElo "2867"]
[TimeControl "180+1"]
[EndTime "13:38:24 PDT"]
[Termination "lucliasco won by resignation"]

1. d4 d5 2. Nf3 Nf6 3. c4 e6 4. Nc3 a6 5. cxd5 exd5 6. Bf4 Bd6 7. Ne5 O-O 8. e3 Re8 9. Bd3 c5 10. O-O c4 11. Bc2 b5 12. Qf3 Bb7 13. a3 Nc6 14. Qg3 Nh5 15. Bxh7+ Kxh7 16. Qh3 Kg8 17. Qxh5 Nxe5 18.
dxe5 g6 19. Qd1 Bxe5 20. Bxe5 Rxe5 21. Qd4 Qe7 22. Rad1 Re8 23. Rd2 Bc6 24. Rfd1 Qb7 25. Ne2 a5 26. Ng3 b4 27. axb4 axb4 28. h4 Qe7 29.
Qf4 Kg7 30. Rd4 Rh8 31. Ra1 Ra8 32. Rxa8 Bxa8 33. h5 Re6 34. hxg6 fxg6 35. Qg4 Re5 36. Rf4 c3 37. bxc3 bxc3 38. Qd1 Qc5 39. Qc2 Bc6 40. Rg4 Be8 41. Ne2 Bd7 42. Rg3 Qc4 43. Qxc3 Qxc3 44. Nxc3 Bf5 45. Ne2 Re7 46. Nd4 Bd3 47.
Kh2 Kf6 48. Rf3+ Kg7 49. Kg3 Be4 50. Rf4 g5 51. Rg4 Kg6 52. f4 Bd3 53. Rxg5+ Kf6 54.
Kf2 Be4 55. Nf3 Ra7 56. Nh4 Ra2+ 57. Kg3 Re2 58. Rg8 Rxe3+ 59. Kg4 Rb3 60. Rf8+ Kg7 61.
Rd8 Rb2 62. Rd7+ Kf8 63. g3 Ke8 64. Rd6 Ke7 65. Ra6 d4 66. Ra5 Kd6 67. Nf5+ Bxf5+ 68. Kxf5 d3 69. Ra8 Kc5 70. Rd8 Kc4 71. g4 Rb5+ 72.
Ke4 Rb7 73. Rd4+ Kc3 74. Rxd3+ Kc4 75. Rd5 Re7+ 76. Re5 Rd7 77. g5 Rd4+ 78. Kf5 Rd8 79. g6 Kd4 80. Kg5 Rg8 81. Re7 Kd5 82. f5 Kd6 83. f6 Ra8 84. g7 Ra5+ 85. Kg6 1-0

[Event "*** Titled Tuesday Blitz"]
[Site "Chess.com"]
[Date "2020.05.19"]
[Round "8"]
[White "Jospem"]
[Black "mbojan"]
[Result "1-0"]
[WhiteElo "2818"]
[BlackElo "2620"]
[TimeControl "180+1"]
[EndTime "13:38:24 PDT"]
[Termination "Jospem won by checkmate"]

1. e4 c5 2. Nf3 Nc6 3. d4 cxd4 4. Nxd4 Nf6 5. Nc3 e5 6. Ndb5 d6 7. Nd5 Nxd5 8. exd5 Nb8 9. a4 Be7 10. Be2 O-O 11. O-O Nd7 12. Be3 a6 13. Na3 b6 14.
Nc4 Rb8 15. b4 f5 16. f3 Kh8 17. a5 b5 18. Nb6 Nxb6 19. axb6 Bb7 20. c4 bxc4 21. Bxc4 Ra8 22. Qe2 Qd7 23. Rfd1 Rfc8 24. Bxa6 Bd8 25. Bb5 Qf7 26. Rxa8 Bxa8 27. Ba6 Rb8 28.
Qb5 h6 29. Bf2 Kh7 30. h3 Bb7 31. Rc1 Bxa6 32. Qxa6 Qxd5 33. Rc8 Qd1+ 34. Kh2 Rxc8 35. Qxc8 Bg5 36. Qxf5+ Kh8 37. b7 Bf4+ 38. Qxf4 exf4 39.
b8=Q+ Kh7 40. Qf8 Qd2 41. Qf5+ Kh8 42. Bh4 Qxb4 43. Qf8+ Kh7 44. Qf5+ Kh8 45. Be7 Qd4 46. Qf8+ Kh7 47. Bxd6 g5 48. Qf7+ Qg7 49. Qxg7+ Kxg7 50. Kg1 Kg6 51. Bf8 h5 52. Be7 Kf5 53. Kf2 Kg6 54. Ke2 Kf5 55. Kd3 g4 56. h4 Ke5 57. Bd8 Kd5 58. Bc7 Ke6 59. Bxf4 Kf5 60. Bg5 g3 61. Ke3 Ke6 62. Bf4 Kf7 63. Bxg3 Kg6 64. Bf2 Kf7 65. g3 Kg6 66. Ke4 Kf7 67. Kf4 Kg6 68.
g4 Kf7 69. Kg5 Kg7 70. Kxh5 Kh7 71. Kg5 Kg8 72. f4 Kg7 73. f5 Kh7 74. h5 Kg7 75.
Kf4 Kf7 76. g5 Kg8 77. Kg4 Kf8 78. Be3 Kf7 79. Bf4 Kf8 80. h6 Ke8 81. g6 Kf8 82. Be5 Ke7 83. f6+ Kd7 84. h7 Kc6 85. Kf4 Kd5 86.
h8=Q Kc4 87. g7 Kb3 88. g8=Q+ Kc2 89. f7 Kd3 90. f8=Q Kc2 91. Qh2+ Kd1 92. Qd5+ Kc1 93.
Qfc5+ Kb1 94. Qb7# 1-0

[Event "*** Titled Tuesday Blitz"]
[Site "Chess.com"]
[Date "2020.05.19"]
[Round "8"]
[White "djamir"]
[Black "GlennTipton"]
[Result "0-1"]
[WhiteElo "2701"]
[BlackElo "2516"]
[TimeControl "180+1"]
[EndTime "13:38:26 PDT"]
[Termination "GlennTipton won on time"]

1. d4 Nf6 2. Bf4 c5 3. e3 d5 4. c3 Nc6 5. Nd2 cxd4 6. exd4 Bf5 7. Qb3 Qb6 8. Ngf3 e6 9. Qxb6 axb6 10. Bb5 Nd7 11.
Ne5 Ndxe5 12. Bxe5 Kd7 13. Nf3 f6 14. Bg3 Bd6 15.
Kd2 Bxg3 16. hxg3 h6 17. Rhe1 Kd6 18. Bd3 Bxd3 19. Kxd3 b5 20. a3 e5 21. Kc2 e4 22.
Nd2 g5 23. g4 h5 24. gxh5 Rxh5 25. Rh1 Rah8 26. Rxh5 Rxh5 27. Rg1 f5 28. g4 fxg4 29. Nf1 Ne7 30. Rxg4 Nf5 31. Kd2 Ke6 32. Ke2 Kf6 33.
Rg1 Rh3 34. Rg2 Nd6 35. Ne3 Nc4 36. Nxd5+ Kf5 37. Rg3 Rxg3 38. fxg3 Nxb2 39. Ne3+ Ke6 40. Kd2 Nc4+ 41. Nxc4 bxc4 42. a4 b6 43. Ke3 Kf5 44. d5 Ke5 45. d6 Kxd6 46. Kxe4 Ke6 47. g4 Kd6 48. Kd4 Ke6 49. Ke4 Kd6 50. Kf5 Kd5 51. Kxg5 Ke4 52. Kf6 Kd3 53. g5 Kxc3 54. g6 Kb2 55. g7 c3 56. g8=Q c2 57. Qg3 c1=Q 58. Qe5+ Qc3 59. Kf5 Qxe5+ 60. Kxe5 Kb3 61. Kd4 Kxa4 62.
Kc4 b5+ 63. Kc3 Ka3 64. Kc2 b4 65. Kb1 Kb3 66. Ka1 Kc2 67. Ka2 b3+ 0-1

[Event "*** Titled Tuesday Blitz"]
[Site "Chess.com"]
[Date "2020.05.19"]
[Round "8"]
[White "OK97"]
[Black "TregubovP"]
[Result "1-0"]
[WhiteElo "2740"]
[BlackElo "2562"]
[TimeControl "180+1"]
[EndTime "13:38:27 PDT"]
[Termination "OK97 won by resignation"]

1. Nf3 Nf6 2. c4 c5 3. d4 cxd4 4. Nxd4 Nc6 5. Nc3 Qb6 6. Nb3 e6 7. e4 Bb4 8. Bd3 Ne5 9. O-O Qd6 10. Bc2 Qxd1 11. Rxd1 Nxc4 12. Rd4 Bxc3 13. Rxc4 Be5 14.
f4 d5 15. Rxc8+ Rxc8 16. fxe5 Nxe4 17. Bxe4 dxe4 18. Be3 b6 19. Nd4 Ke7 20. Rf1 f6 21. Nb5 Rc2 22. exf6+ gxf6 23. Bd4 e5 24. Bc3 a6 25. Nc7 Rd8 26. Nxa6 e3 27. Nb4 Rxc3 28.
bxc3 Ke6 29. Re1 f5 30. Rxe3 e4 31. Kf2 Rd1 32. Re2 Ke5 33. g3 h5 34. h4 Rh1 35.
Nc2 f4 36. gxf4+ Kxf4 37. Ne3 Rc1 38. Nd5+ Ke5 39. Rd2 b5 40. Ke2 Rh1 41. Nc7 Rxh4 42.
Rd5+ Kf4 43. Ne6+ Kg3 44. Rxb5 Rh2+ 45. Ke3 Rxa2 46. Rxh5 Kg4 47. Re5 Ra3 48. Rxe4+ Kf5 49. Nd4+ Kf6 50. Ne2 Kf5 51. Rd4 Ke5 52. Kd3 Ra2 53.
Nc1 Ra3 54. Kc2 Ra1 55. Nd3+ Ke6 56. Nc5+ Ke5 57. Nb3 Ra2+ 58. Kd3 Ra3 59. Kc4 Ra4+ 60. Kb5 Ra3 61. Rb4 Kd6 62. c4 Kc7 63. c5 Ra8 64.
Kc4 Ra2 65. Nd4 Rd2 66. c6 Rd1 67. Rb7+ Kc8 68. Kc5 Rc1+ 69. Kd5 Rd1 70. Rf7 Rh1 71. Rf8+ Kc7 72. Nb5+ Kb6 73. Rb8+ Ka6 74. c7 Rh5+ 75. Ke4 Rh4+ 76. Kf3 Rc4 77. c8=Q+ Rxc8 78. Rxc8 1-0

[Event "*** Titled Tuesday Blitz"]
[Site "Chess.com"]
[Date "2020.05.19"]
[Round "8"]
[White "Joshukid"]
[Black "praveenb2002"]
[Result "1/2-1/2"]
[WhiteElo "2562"]
[BlackElo "2717"]
[TimeControl "180+1"]
[EndTime "13:38:27 PDT"]
[Termination "Game drawn by repetition"]

1. Nf3 d5 2. c4 d4 3. b4 f6 4.
e3 e5 5. c5 a5 6. Qa4+ Bd7 7. b5 Bxc5 8. Bc4 Ne7 9. O-O Bb6 10.
Ba3 Bg4 11. Ne1 Nd7 12. exd4 Bxd4 13. Nc3 Nb6 14. Qb3 Nxc4 15. Qxc4 Qd7 16. Nc2 Be6 17.
Qe2 O-O 18. Nxd4 exd4 19. Bxe7 Qxe7 20. Nd5 Qf7 21. Nxc7 Bc4 22. d3 Qxc7 23. dxc4 Rad8 24. Rfd1 Rfe8 25. Qd3 Qc5 26. Rac1 Re5 27. h3 Rde8 28.
Kh2 Re4 29. Rc2 Qe5+ 30. Qg3 Qc5 31. Rd3 h5 32. Rd1 h4 33. Qd3 Qe5+ 34. g3 hxg3+ 35. Qxg3 Qc5 36. Rg1 R8e7 37. Rd1 Kh7 38. a3 Qh5 39. Rcd2 Qe5 40. Qxe5 fxe5 41. c5 Rc7 42. Rc1 Rf4 43. c6 bxc6 44. bxc6 Rf6 45. Rc5 Re6 46. Rxa5 Rcxc6 47. Rd5 Ra6 48. Rd3 Kg6 49. Kg3 Kf5 50. f3 Rg6+ 51. Kf2 Rab6 52. R3xd4 Rb2+ 53. Rd2 Rb3 54. R5d3 Rgb6 55. Rxb3 Rxb3 56. Ra2 Rb5 57. a4 Ra5 58. Ke3 g5 59. Ra3 Kg6 60. Ke4 Kh5 61. Ra2 Kh4 62. Kf5 Kxh3 63. Kxg5 Kg3 64. Kf5 Kxf3 65.
Ra3+ Kf2 66. Ke4 Ke2 67. Ra2+ Kd1 68. Kd3 Kc1 69. Kc3 Kb1 70. Ra3 Ra8 71. a5 Ra6 72. Kc4 e4 73. Kd4 Kb2 74. Ra4 Kb3 75. Ra1 Kb2 76. Ra4 Kb3 77. Ra1 Kb2 78. Ra4 1/2-1/2

[Event "*** Titled Tuesday Blitz"]
[Site "Chess.com"]
[Date "2020.05.19"]
[Round "8"]
[White "The_Machine04"]
[Black "ORS1984"]
[Result "1-0"]
[WhiteElo "2284"]
[BlackElo "2421"]
[TimeControl "180+1"]
[EndTime "13:38:31 PDT"]
[Termination "The_Machine04 won on time"]

1. d4 d5 2. Bf4 Nf6 3. e3 Bf5 4. Bd3 Bxd3 5. Qxd3 c6 6. Nf3 Nbd7 7. Ne5 e6 8. O-O Be7 9. Nd2 O-O 10. c3 Rc8 11. h3 h6 12. Bh2 c5 13. g4 Qb6 14. Rab1 Rfe8 15. Kh1 Nxe5 16. Bxe5 Nd7 17. Nf3 Qa5 18. a3 Qa6 19. Qxa6 bxa6 20. Rfc1 c4 21. Bh2 a5 22.
Rc2 a4 23. Kg2 Rc6 24. Re1 Rb6 25. Ree2 Nb8 26. e4 dxe4 27. Rxe4 Rd8 28. Ne5 Rc8 29.
Ree2 Bd6 30. Nf3 Bxh2 31. Kxh2 Nc6 32. Kg2 Na5 33. Ne5 Rd8 34. f4 Rdb8 35. Nd7 R8b7 36. Nxb6 Rxb6 37. Re5 Nb3 38. Kf3 Na1 39. Rce2 Nb3 40.
f5 exf5 41. gxf5 a5 42. Re8+ Kh7 43. Rd8 Nc1 44. Rc2 Nd3 45. Ke4 Nxb2 46. Rc8 g5 47.
fxg6+ Kxg6 48. d5 f5+ 49. Kd4 Rb3 50. d6 Rb6 51. Rxb2 Rxb2 52. Kxc4 Rd2 53. Kc5 f4 54. c4 f3 55. Rf8 f2 56. Kc6 Kg5 57. c5 Kh4 58. Kc7 Kxh3 59. d7 Kg2 60. d8=Q Rxd8 61.
Kxd8 h5 62. c6 h4 63. c7 h3 64.
c8=Q h2 65. Qg4+ Kh1 66. Qf3+ Kg1 67. Qg3+ Kh1 68. Qf3+ Kg1 69. Rg8+ Kf1 70. Qg2+ Ke1 71. Re8+ Kd1 72. Qf3+ Kc1 73. Rh8 f1=Q 74. Qxf1+ 1-0

[Event "*** Titled Tuesday Blitz"]
[Site "Chess.com"]
[Date "2020.05.19"]
[Round "8"]
[White "tan275"]
[Black "Asteroxylon"]
[Result "0-1"]
[WhiteElo "2207"]
[BlackElo "2407"]
[TimeControl "180+1"]
[EndTime "13:38:35 PDT"]
[Termination "Asteroxylon won by resignation"]

1. d4 Nf6 2. c4 e6 3. g3 d5 4. Nf3 c5 5. cxd5 exd5 6. Bg2 Nc6 7. O-O Be7 8. dxc5 Bxc5 9. Nc3 O-O 10. Na4 Be7 11.
Be3 Bg4 12. Rc1 Rc8 13. Bc5 Re8 14. h3 Bh5 15. g4 Bg6 16. Nd4 Be4 17. Bxe4 Nxe4 18.
Bxe7 Nxe7 19. Rxc8 Qxc8 20. Qc1 Qb8 21. Nc3 Qe5 22.
Qe3 Ng6 23. f4 Qd6 24. Nf5 Qc5 25. Qxc5 Nxc5 26. e3 Nd3 27. Nxd5 Nxb2 28. Rb1 Nc4 29. Rxb7 Rd8 30. e4 Nf8 31. Rxa7 Ne6 32. Nfe7+ Kf8 33.
Nc6 Rc8 34. Nde7 Re8 35. f5 Ng5 36. e5 Nf3+ 37. Kf2 Nfxe5 38. Nxe5 Nxe5 39. Nd5 Nd3+ 40. Kf3 Ne1+ 41. Kf2 Nd3+ 42. Kg3 g5 43. a4 Ne1 44.
a5 Re2 45. h4 h6 46. f6 Kg8 47. hxg5 hxg5 48. Kh3 Kh7 49. Ra8 Nf3 50. a6 Ng1+ 51.
Kg3 Ra2 52. a7 Ne2+ 53. Kf3 Nd4+ 54. Ke4 Nc6 55. Kf5 Rxa7 56. Ke4 Rxa8 57. Ne7 Ra4+ 58. Kd5 Nd8 59. Kd6 Rd4+ 60. Kc7 Ne6+ 61. Kc8 Rxg4 62. Kd7 Rc4 63. Ke8 g4 64. Kd7 Ng5 65. Nf5 Kg6 66. Ke7 Kxf5 67. Kf8 g3 68. Kg7 Rg4 69. Kf8 Ne6+ 70. Ke8 Kxf6 71. Kd7 g2 72. Kd6 g1=Q 73. Kd7 Qa7+ 74. Kd6 Rd4+ 75. Kc6 Qc5+ 76. Kb7 Rb4+ 0-1